SAAA
ALLOWAY HALBERDS @ CALGARY LYNX
08/22/2021
 
TOP OF THE 1ST
Alloway Halberds batting - Pitching for Calgary Lynx : RHP José Trujillo
Pitching: RHP José Trujillo
Batting: RHB Orlando López 0-0: Called Strike
0-1: Ball
1-1: Ball
2-1: SINGLE (Groundball, 6M)
Batting: RHB Pedro Santos 0-0: Called Strike
0-1: Fielders Choice at 2nd, 6-4 (Groundball, 6M)
Batting: RHB Dave Ash 0-0: Called Strike
0-1: Fly out, F7 (Flyball, 7M)
Batting: RHB Dennis Clifton 0-0: Ball
1-0: Ball
2-0: Fly out, F8 (Flyball, 8RM)
Top of the 1st over - 0 run(s), 1 hit(s), 0 error(s), 1 left on base; Alloway 0 - Calgary 0
BOTTOM OF THE 1ST
Calgary Lynx batting - Pitching for Alloway Halberds : LHP Allen Yohemas
Pitching: LHP Allen Yohemas
Batting: RHB Darren Tomlinson 0-0: Called Strike
0-1: Ball
1-1: Ball
2-1: Ball
3-1: Foul Ball, location: 2F
3-2: SINGLE (Groundball, 56D)
Batting: RHB Danny Walsh 0-0: Ball
1-0: Grounds into double play, 6-4-3 (Groundball, 6)
Batting: LHB José Alonso 0-0: Ball
1-0: Called Strike
1-1: Ball
2-1: Fly out, F7 (Flyball, 8LM)
Bottom of the 1st over - 0 run(s), 1 hit(s), 0 error(s), 0 left on base; Alloway 0 - Calgary 0
TOP OF THE 2ND
Alloway Halberds batting - Pitching for Calgary Lynx : RHP José Trujillo
Batting: SHB Ron Peterson 0-0: Ball
1-0: Called Strike
1-1: Foul Ball, location: 2F
1-2: Foul Ball, location: 2F
1-2: Strikes out swinging
Batting: LHB Francisco Rivas 0-0: Ball
1-0: Ball
2-0: Ball
3-0: Base on Balls
Batting: RHB Juan Martínez 0-0: Ball
1-0: Ball
2-0: Called Strike
2-1: Foul Ball, location: 2F
2-2: Ball
3-2: SINGLE (Groundball, 56)
Francisco Rivas to second
Batting: RHB Tracy Larson 0-0: Called Strike
0-1: Called Strike
0-2: Ball
1-2: Fielders Choice at 2nd, 5-4 (Groundball, 5)
Francisco Rivas to third
Batting: RHB Mike Davis 0-0: Called Strike
0-1: SINGLE (Line Drive, 56D)
Francisco Rivas scores
Tracy Larson to second
Batting: RHB Orlando López 0-0: Foul Ball, location: 2F
0-1: Ball
1-1: Called Strike
1-2: Ball
2-2: Foul Ball, location: 2F
2-2: Fly out, F4 (Popup, 4D)
Top of the 2nd over - 1 run(s), 2 hit(s), 0 error(s), 2 left on base; Alloway 1 - Calgary 0
BOTTOM OF THE 2ND
Calgary Lynx batting - Pitching for Alloway Halberds : LHP Allen Yohemas
Batting: RHB Carl Good 0-0: Ball
1-0: Fly out, F3 (Popup, 3F)
Batting: RHB Alfredo Méndez 0-0: Called Strike
0-1: Called Strike
0-2: Ball
1-2: Fly out, F8 (Flyball, 8RM)
Batting: RHB Tony Farquharson 0-0: Called Strike
0-1: Ball
1-1: Foul Ball, location: 2F
1-2: Strikes out swinging
Bottom of the 2nd over - 0 run(s), 0 hit(s), 0 error(s), 0 left on base; Alloway 1 - Calgary 0
TOP OF THE 3RD
Alloway Halberds batting - Pitching for Calgary Lynx : RHP José Trujillo
Batting: RHB Pedro Santos 0-0: SINGLE (Line Drive, 6D)
Batting: RHB Dave Ash 0-0: Ball
Pedro Santos is caught stealing 2nd base
1-0: Foul Ball, location: 2F
1-1: Foul Ball, location: 2F
1-2: Fly out, F8 (Flyball, 8RM)
Batting: RHB Dennis Clifton 0-0: Ball
1-0: Ground out 5-3 (Groundball, 56S)
Top of the 3rd over - 0 run(s), 1 hit(s), 0 error(s), 0 left on base; Alloway 1 - Calgary 0
BOTTOM OF THE 3RD
Calgary Lynx batting - Pitching for Alloway Halberds : LHP Allen Yohemas
Batting: SHB Dustin Tucker 0-0: Foul Ball, location: 2F
0-1: Swinging Strike
0-2: Ball
1-2: Ball
2-2: Strikes out looking
Batting: RHB Jim Browning 0-0: Ball
1-0: DOUBLE (Line Drive, 7LM)
Batting: RHB Emílio Ortíz 0-0: Ball
1-0: Swinging Strike
1-1: Ball
2-1: Ball
3-1: Foul Ball, location: 2F
3-2: Base on Balls
Batting: RHB Darren Tomlinson 0-0: Ball
1-0: Grounds into double play, 4-6-3 (Groundball, 4)
Bottom of the 3rd over - 0 run(s), 1 hit(s), 0 error(s), 1 left on base; Alloway 1 - Calgary 0
TOP OF THE 4TH
Alloway Halberds batting - Pitching for Calgary Lynx : RHP José Trujillo
Batting: SHB Ron Peterson 0-0: SOLO HOME RUN (Flyball, 9D), Distance : 342 ft
Batting: LHB Francisco Rivas 0-0: Foul Ball, location: 2F
0-1: Foul Ball, location: 2F
0-2: Strikes out swinging
Batting: RHB Juan Martínez 0-0: Called Strike
0-1: Ball
1-1: DOUBLE (Line Drive, 89D)
Batting: RHB Tracy Larson 0-0: Called Strike
0-1: Called Strike
0-2: Foul Ball, location: 2F
0-2: Ball
1-2: Ball
2-2: Strikes out swinging
Batting: RHB Mike Davis 0-0: Ball
1-0: Swinging Strike
1-1: Called Strike
1-2: Strikes out swinging
Top of the 4th over - 1 run(s), 2 hit(s), 0 error(s), 1 left on base; Alloway 2 - Calgary 0
BOTTOM OF THE 4TH
Calgary Lynx batting - Pitching for Alloway Halberds : LHP Allen Yohemas
Batting: RHB Danny Walsh 0-0: Foul Ball, location: 2F
0-1: Foul Ball, location: 2F
0-2: Ball
1-2: Ground out 6-3 (Groundball, 6)
Batting: LHB José Alonso 0-0: Ball
1-0: Foul Ball, location: 2F
1-1: SINGLE (Popup, 7S)
Batting: RHB Carl Good 0-0: Ball
1-0: Ball
2-0: Called Strike
2-1: Ball
3-1: Called Strike
3-2: Base on Balls
José Alonso to second
Batting: RHB Alfredo Méndez 0-0: Swinging Strike
0-1: Ball
1-1: Called Strike
1-2: Ball
2-2: Ball
3-2: Strikes out swinging
Batting: RHB Tony Farquharson 0-0: Ball
1-0: Ball
2-0: Swinging Strike
2-1: Fielders Choice at 2nd, U6 (Groundball, 6M)
Bottom of the 4th over - 0 run(s), 1 hit(s), 0 error(s), 2 left on base; Alloway 2 - Calgary 0
TOP OF THE 5TH
Alloway Halberds batting - Pitching for Calgary Lynx : RHP José Trujillo
Batting: RHB Orlando López 0-0: Ball
1-0: Ball
2-0: Called Strike
2-1: SINGLE (Line Drive, 89S)
Batting: RHB Pedro Santos 0-0: Ball
1-0: Called Strike
Orlando López steals 2nd base
1-1: Ground out 4-3 (Groundball, 4)
Orlando López to third
Batting: RHB Dave Ash 0-0: Called Strike
0-1: Ball
1-1: Hit by Pitch
Batting: RHB Dennis Clifton 0-0: Ball
1-0: Ball
2-0: Ball
3-0: Called Strike
3-1: Ground out 5-3 (Groundball, 5S)
Orlando López scores
Dave Ash to second
Batting: SHB Ron Peterson 0-0: Ground out 4-3 (Groundball, 4M)
Top of the 5th over - 1 run(s), 1 hit(s), 0 error(s), 1 left on base; Alloway 3 - Calgary 0
BOTTOM OF THE 5TH
Calgary Lynx batting - Pitching for Alloway Halberds : LHP Allen Yohemas
Batting: SHB Dustin Tucker 0-0: Called Strike
0-1: Ball
1-1: Called Strike
1-2: Ball
2-2: Foul Ball, location: 2F
2-2: SINGLE (Groundball, 56)
Batting: RHB Jim Browning 0-0: Bunt missed!
0-1: Bunted foul
0-2: Ball
1-2: Fly out, F9 (Flyball, 9LM)
Batting: RHB Emílio Ortíz 0-0: Ball
1-0: Ball
2-0: Foul Ball, location: 2F
2-1: Foul Ball, location: 2F
2-2: Ball
3-2: Strikes out looking
Batting: RHB Darren Tomlinson 0-0: Ball
1-0: Foul Ball, location: 2F
1-1: Foul Ball, location: 2F
1-2: Foul Ball, location: 2F
1-2: Ball
2-2: SINGLE (Line Drive, 7S)
Dustin Tucker to second
Batting: RHB Danny Walsh 0-0: Called Strike
0-1: Ball
1-1: Ball
2-1: Ball
3-1: Swinging Strike
3-2: Base on Balls
Dustin Tucker to third
Darren Tomlinson to second
Batting: LHB José Alonso 0-0: Ball
Wild Pitch!
Dustin Tucker scores
Darren Tomlinson to third
Danny Walsh to second
1-0: Ball
2-0: Called Strike
2-1: SINGLE (Line Drive, 4MD)
Darren Tomlinson scores
Danny Walsh to third
Runner from 3rd tries for Home, SAFE, no throw or cutoff
Batting: RHB Carl Good 0-0: Called Strike
0-1: Foul Ball, location: 2F
0-2: Fly out, F9 (Flyball, 89XD)
Bottom of the 5th over - 3 run(s), 3 hit(s), 0 error(s), 1 left on base; Alloway 3 - Calgary 3
TOP OF THE 6TH
Alloway Halberds batting - Pitching for Calgary Lynx : RHP José Trujillo
Batting: LHB Francisco Rivas 0-0: Ball
1-0: Ball
2-0: Ball
3-0: Base on Balls
Batting: RHB Juan Martínez 0-0: Ball
1-0: Ball
2-0: Foul Ball, location: 2F
2-1: Ball
3-1: Fly out, F9 (Flyball, 89XD)
Batting: RHB Tracy Larson 0-0: Foul Ball, location: 2F
0-1: Ball
1-1: SINGLE (Groundball, 4M)
Francisco Rivas to second
Batting: RHB Mike Davis 0-0: Called Strike
0-1: Called Strike
0-2: Grounds into double play, 6-4-3 (Groundball, 6)
Top of the 6th over - 0 run(s), 1 hit(s), 0 error(s), 1 left on base; Alloway 3 - Calgary 3
BOTTOM OF THE 6TH
Calgary Lynx batting - Pitching for Alloway Halberds : LHP Allen Yohemas
Batting: RHB Alfredo Méndez 0-0: Ground out 6-3 (Groundball, 6)
Batting: RHB Tony Farquharson 0-0: Ball
1-0: Swinging Strike
1-1: Foul Ball, location: 2F
1-2: Foul Ball, location: 2F
1-2: Strikes out looking
Batting: SHB Dustin Tucker 0-0: Foul Ball, location: 2F
0-1: Ball
1-1: Ball
2-1: SINGLE (Groundball, 13) (infield hit)
Batting: RHB Jim Browning 0-0: Called Strike
0-1: Ball
1-1: Fly out, F4 (Popup, 4MS)
Bottom of the 6th over - 0 run(s), 1 hit(s), 0 error(s), 1 left on base; Alloway 3 - Calgary 3
TOP OF THE 7TH
Alloway Halberds batting - Pitching for Calgary Lynx : RHP José Trujillo
Pinch Hitting: RHB Jonathan Cundall 0-0: Ball
1-0: Called Strike
1-1: Ball
2-1: Ball
3-1: Fly out, F7 (Flyball, 7D)
Batting: RHB Pedro Santos 0-0: Called Strike
0-1: DOUBLE (Flyball, 7M)
Pitching: RHP Clancy McKinney
Batting: RHB Dave Ash 0-0: TRIPLE (Flyball, 9D)
Pedro Santos scores
Batting: RHB Dennis Clifton 0-0: Ball
1-0: Called Strike
1-1: Ball
2-1: Called Strike
2-2: Ball
3-2: Base on Balls
Batting: SHB Ron Peterson 0-0: Foul Ball, location: 2F
0-1: Ball
1-1: Fly out, F6 (Line Drive, 6)
Batting: LHB Francisco Rivas 0-0: Ball
1-0: Ball
2-0: Foul Ball, location: 2F
2-1: Ball
3-1: Foul Ball, location: 2F
3-2: Foul Ball, location: 2F
3-2: Strikes out swinging
Top of the 7th over - 1 run(s), 2 hit(s), 0 error(s), 2 left on base; Alloway 4 - Calgary 3
BOTTOM OF THE 7TH
Calgary Lynx batting - Pitching for Alloway Halberds : LHP Allen Yohemas
Now in RF: Jonathan Cundall
Batting: RHB Emílio Ortíz 0-0: Called Strike
0-1: Ball
1-1: Called Strike
1-2: Strikes out swinging
Batting: RHB Darren Tomlinson 0-0: Called Strike
0-1: SINGLE (Line Drive, 89S)
Batting: RHB Danny Walsh 0-0: Called Strike
0-1: Ball
1-1: Ball
2-1: Swinging Strike
2-2: Foul Ball, location: 2F
2-2: Fielders Choice at 2nd, U6 (Groundball, 6M)
Batting: LHB José Alonso 0-0: Called Strike
0-1: Ball
1-1: Foul Ball, location: 2F
1-2: Fly out, F3 (Line Drive, 3)
Bottom of the 7th over - 0 run(s), 1 hit(s), 0 error(s), 1 left on base; Alloway 4 - Calgary 3
TOP OF THE 8TH
Alloway Halberds batting - Pitching for Calgary Lynx : RHP Clancy McKinney
Batting: RHB Juan Martínez 0-0: Ball
1-0: Foul Ball, location: 2F
1-1: Called Strike
1-2: Ball
2-2: Ball
3-2: Strikes out looking
Batting: RHB Tracy Larson 0-0: SINGLE (Flyball, 8RM)
Batting: RHB Mike Davis 0-0: Called Strike
0-1: Foul Ball, location: 2F
0-2: Ball
1-2: Ball
2-2: Foul Ball, location: 2F
2-2: Strikes out swinging
Batting: RHB Jonathan Cundall 0-0: Ball
1-0: Called Strike
1-1: Ball
2-1: Foul Ball, location: 2F
2-2: Strikes out looking
Top of the 8th over - 0 run(s), 1 hit(s), 0 error(s), 1 left on base; Alloway 4 - Calgary 3
BOTTOM OF THE 8TH
Calgary Lynx batting - Pitching for Alloway Halberds : LHP Allen Yohemas
Batting: RHB Carl Good 0-0: Foul Ball, location: 2F
0-1: Swinging Strike
0-2: Strikes out swinging
Batting: RHB Alfredo Méndez 0-0: Ball
1-0: Called Strike
1-1: Ball
2-1: Ball
3-1: Called Strike
3-2: Foul Ball, location: 2F
3-2: Foul Ball, location: 2F
3-2: Foul Ball, location: 2F
3-2: Foul Ball, location: 2F
3-2: Base on Balls
Pitching: RHP Truman Valentine
Batting: RHB Tony Farquharson 0-0: Ball
1-0: Ball
2-0: Fly out, F7 (Line Drive, 7M)
Pinch Hitting: SHB Tom Craft 0-0: Foul Ball, location: 2F
0-1: Ground out 3-1 (Groundball, 34)
Bottom of the 8th over - 0 run(s), 0 hit(s), 0 error(s), 1 left on base; Alloway 4 - Calgary 3
TOP OF THE 9TH
Alloway Halberds batting - Pitching for Calgary Lynx : RHP Clancy McKinney
Pitching: RHP Dave Hindman
Now at 1B: Tom Craft
Batting: RHB Pedro Santos 0-0: Called Strike
0-1: Foul Ball, location: 2F
0-2: Strikes out swinging
Batting: RHB Dave Ash 0-0: Ball
1-0: Ball
2-0: Foul Ball, location: 2F
2-1: Ball
3-1: Fly out, F5 (Line Drive, 56S)
Batting: RHB Dennis Clifton 0-0: Ball
1-0: Foul Ball, location: 2F
1-1: Ground out 5-3 (Groundball, 56)
Top of the 9th over - 0 run(s), 0 hit(s), 0 error(s), 0 left on base; Alloway 4 - Calgary 3
BOTTOM OF THE 9TH
Calgary Lynx batting - Pitching for Alloway Halberds : RHP Truman Valentine
Pinch Hitting: LHB Walter Kirk 0-0: Foul Ball, location: 2F
0-1: Ground out 4-3 (Groundball, 4M)
Pinch Hitting: LHB Gilbert Davis 0-0: SOLO HOME RUN (Flyball, 7LD), Distance : 356 ft
Batting: RHB Darren Tomlinson 0-0: Called Strike
0-1: Fly out, F2 (Popup, 2RF)
Batting: RHB Danny Walsh 0-0: Called Strike
0-1: Called Strike
0-2: Ball
1-2: TRIPLE (Groundball, 5L)
Batting: LHB José Alonso 0-0: Ball
1-0: Ball
2-0: Called Strike
2-1: SINGLE (Groundball, 4MD)
Danny Walsh scores
This league is powered by Out of the Park Baseball, the baseball management simulation game for PC, Mac and Linux
Friday, January 22nd, 2016 - OOTP Baseball 16.9 Build 39